 Dungeon Crawl Stone Soup version 0.27-a0-1036-g8e1b44f6bd (webtiles) character file.

Game seed: 7857506080744389301

101 voltaire321 the Insei (level 4, -6/29 HPs)
             Began as an Octopode Transmuter on Apr 18, 2021.
             Killed from afar by Natasha (8 damage)
             ... with a puff of flame
             ... on level 2 of the Dungeon.
             The game lasted 00:06:09 (1286 turns).

voltaire321 the Insei (Octopode Transmuter)         Turns: 1286, Time: 00:06:10

Health: -6/29      AC:  1    Str:  9    XL:     4   Next: 75%
Magic:  5/7        EV: 13    Int: 15    God:
Gold:   56         SH:  0    Dex: 13    Spells: 4/7 levels left

rFire    . . .     SeeInvis .     - Unarmed
rCold    . . .     Faith    .   (no shield)
rNeg     . . .     Spirit   .   (helmet currently unavailable)
rPois    .         Reflect  .   (no amulet)
rElec    .         Harm     .   (no ring)
rCorr    .         Rampage  .   (no ring)
Will     .....                  (no ring)
Stlth    ++........             (no ring)
HPRegen  0.09/turn              (no ring)
MPRegen  0.10/turn              (no ring)
                                (no ring)
                                (no ring)

@: mighty, appendages, very slightly contaminated
A: tentacle spike 3, almost no armour, amphibious, 8 rings, camouflage 1,
gelatinous body 1, (nimble swimmer 1), tentacles
a: End Transformation


You were on level 2 of the Dungeon.
One of your tentacles had grown a beastly spike.
You visited 1 branch of the dungeon, and saw 2 of its levels.

You collected 56 gold pieces.

Inventory:

Missiles
 a - 2 poisoned darts (quivered)
Scrolls
 b - a scroll of identify {unknown}
Potions
 c - a potion of heal wounds {unknown}
 d - a potion of might


   Skills:
 + Level 1.9 Fighting
 + Level 1.2 Throwing
 + Level 2.6 Dodging
 + Level 3.4 Unarmed Combat
 + Level 2.4 Spellcasting
 + Level 1.0 Summonings
 + Level 2.5 Transmutations


You had 4 spell levels left.
You knew the following spells:

 Your Spells              Type           Power      Damage    Failure   Level
a - Beastly Appendage     Tmut           18%        N/A       8%          1
b - Call Imp              Summ           4%         N/A       22%         2

Your spell library contained the following spells:

 Spells                   Type           Power      Damage    Failure   Level
 Wereblood                Tmut           9%         N/A       12%         2
 Magic Dart               Conj           4%         1d3       22%         1
 Blink                    Tloc           N/A        N/A       32%         2
 Slow                     Hex            1%         N/A       32%         2
 Spider Form              Tmut/Pois      2%         N/A       36%         3
 Conjure Flame            Conj/Fire      1%         6-21      54%         3
 Mephitic Cloud           Conj/Pois/Air  1%         N/A       54%         3
 Ice Form                 Ice/Tmut       5%         N/A       77%         4
 Hydra Form               Tmut           4%         N/A       91%         5


Dungeon Overview and Level Annotations

Branches:
Dungeon (2/15)

Altars:

Annotations:
D:2 Natasha


Innate Abilities, Weirdness & Mutations

One of your tentacles has grown a beastly spike.
You cannot wear most types of armour.
You are amphibious.
You can wear up to eight rings at the same time.
Your skin changes colour to match your surroundings (Stealth+).
Your rubbery body absorbs attacks. (AC +1, EV +1)
((You are camouflaged near water. (Stealth+)))
You have tentacles for arms and can constrict up to eight enemies at once.


Message History

You start resting.
Natasha, Servant of Life and Death comes into view.
She is carrying a wand of flame (17).
Throw: 4 darts (poison)
Press: ? - help, Q - select action, (/) - cycle Shift-Dir - straight line, f - Natasha
Aim: Natasha, carrying a wand of flame (17) (47% to hit)
You throw a poisoned dart. The poisoned dart hits Natasha.
Natasha is poisoned.
Natasha casts a spell.
Throw: 3 darts (poison)
Press: ? - help, Q - select action, (/) - cycle Shift-Dir - straight line, f/p - Natasha
Aim: Natasha, carrying a wand of flame (17) (poisoned, 47% to hit)
You throw a poisoned dart. The poisoned dart hits Natasha.
Natasha looks even sicker.
Your tentacle spike disappears.
The crimson imp blinks!
Natasha zaps a wand.
The puff of flame misses you.
The crimson imp summons a swarm of flies.
Natasha casts a spell.
The crimson imp hits you. The crimson imp hits you.
Casting: Beastly Appendage (safe; 8% risk of failure)
Confirm with . or Enter, or press ? or * to list all spells.
You miscast Beastly Appendage.
You are very lightly contaminated with residual magic.
Nothing appears to happen.
Natasha howls an incantation.
Natasha's front paws start to glow.
The crimson imp hits you.
Casting: Beastly Appendage (safe; 8% risk of failure)
Confirm with . or Enter, or press ? or * to list all spells.
One of your tentacles grows a vicious spike.
Natasha casts a spell at you. The magic dart hits you.
* * * LOW HITPOINT WARNING * * *
The crimson imp hits you.
* * * LOW HITPOINT WARNING * * *
It was a potion of might.
You feel very mighty all of a sudden.
The crimson imp disappears in a puff of smoke!
Natasha zaps a wand.
The puff of flame hits you!
You die...

#...######......# #.#.#
######## ###.#.#
#####.....########## #
#.....#.###...##...##
...#.#.......##..........##
........5#####............#
...........§..............#
.##§(.....h@..............#
#..######....#..........##
#. ####.##...##...## ..
#)########### . #..###
########)).#####
...............##
##########......##
####)#†.##


You could see an iron imp (summoned) and Natasha (poisoned).

Vanquished Creatures
  Natasha (twice) (D:2)
  Robin (D:2)
  A dart slug (D:1)
  5 ball pythons
  2 endoplasms (D:1)
  3 giant cockroaches
  6 goblins (D:2)
  5 hobgoblins
  A quokka (D:1)
  4 bats
  A frilled lizard (D:1)
  3 kobolds
  3 rats
37 creatures vanquished.

Notes
Turn   | Place    | Note
-------+----------+-------------------------------------------
     0 | D:1      | voltaire321 the Octopode Transmuter began the quest for the
                  | Orb.
     0 | D:1      | Reached XP level 1. HP: 13/13 MP: 3/3
   285 | D:1      | Reached XP level 2. HP: 18/18 MP: 3/5
   734 | D:1      | Learned a level 2 spell: Call Imp
   804 | D:2      | Reached XP level 3. HP: 23/23 MP: 4/6
   827 | D:2      | Noticed Robin
   873 | D:2      | Killed Robin
  1052 | D:2      | Noticed Natasha
  1065 | D:2      | Killed Natasha
  1066 | D:2      | Reached skill level 1 in Throwing
  1066 | D:2      | Reached XP level 4. HP: 13/29 MP: 7/7
  1260 | D:2      | Noticed Natasha
  1266 | D:2      | Killed Natasha
  1267 | D:2      | Reached skill level 1 in Summonings
  1274 | D:2      | Noticed Natasha
  1286 | D:2      | Killed from afar by Natasha

Illustrated notes

Levels and vault maps discovered:
D:1:      minmay_arrival_nine_rooms, layout_rooms, skrybe_limestone_x
D:2:      layout_rooms, minmay_domino_4, uniq_robin, uniq_natasha

Skill      XL: |  1  2  3  4 |
---------------+-------------+-----
Throwing       | 1 |  1.2
Summonings     | 1 |  1.0
Fighting       | |  1.9
Dodging        | |  2.6
Unarmed Combat | |  3.4
Spellcasting   | |  2.4
Transmutations | |  2.5

Action                   |  1- 3 |  4- 6 || total
-------------------------+-------+-------++-------
Melee: Unarmed           |    55 |     4 ||    59
       Constrict         |    14 |     1 ||    15
       Kick              |     7 |     1 ||     8
       Tentacles         |     7 |     1 ||     8
Throw: Dart              |    46 |     3 ||    49
 Cast: Beastly Appendage |    11 |     2 ||    13
  Use: Potion            |       |     1 ||     1
Armor: Skin              |     2 |       ||     2
Dodge: Dodged            |    31 |     2 ||    33

Table legend: (Time is in decaauts)
 A = Elapsed time spent in this place.
 B = Non-inter-level travel time spent in this place.
 C = Inter-level travel time spent in this place.
 D = Time resting spent in this place.
 E = Time spent auto-exploring this place.
 F = Levels seen in this place.
 G = Mean time per level.
                   A        B        C        D        E       F      G
               +--------+--------+--------+--------+--------+-----+--------+
         Total |   1280 |   1267 |     13 |    487 |    453 |   2 |  640.0 |
       Dungeon |   1280 |   1267 |     13 |    487 |    453 |   2 |  640.0 |
               +--------+--------+--------+--------+--------+-----+--------+

Top non-repeatable levels by time:
     D:1: 797 daAuts
     D:2: 483 daAuts
